Map: 居住空间站 - 天梯版 (虚空)

Players

iAsonu

  • Race: Zerg Zerg
  • Spawn Location: 1:00

Scarlett - Winner!

  • Race: Zerg Zerg
  • Spawn Location: 11:00

Event: WESG 2016 Finals

VOD

Have the link to the VOD?

Description

Time

  • Played on: Jan. 12, 2017, 11:33 p.m.
  • Length: 9:01

All games in this series

Show
View Real Time Build Order
Export as new Build Order

iAsonu Zerg 

Build Orders: Hatch First 

Get SALT Encoding   

  12  0:01  Drone  
  13  0:12  Overlord  
  13  0:17  Drone  
  14  0:31  Drone x2  
  14  0:34  Drone  
  17  0:51  Hatchery  
  17  0:55  Drone  
  17  0:57  Drone  
  18  1:09  Extractor  
  17  1:12  Spawning Pool  
  17  1:15  Drone  
  17  1:18  Drone  
  18  1:29  Drone  
  19  1:41  Overlord  
  19  1:50  Drone  
  20  1:58  Queen  
  20  2:01  Zergling x2  
  23  2:04  Drone, Queen  
  26  2:13  Drone  
  26  2:14  Metabolic Boost  
  26  2:15  Drone  
  28  2:27  Spore Crawler  
  28  2:28  Drone  
  29  2:30  Drone  
  29  2:33  Drone  
  29  2:34  Queen  
  33  2:38  Drone  
  34  2:44  Overlord  
  34  2:46  Drone  
  34  2:50  Evolution Chamber  
  34  2:55  Drone  
  35  2:59  Roach Warren  
  35  3:01  Drone  
  35  3:07  Drone  
  35  3:09  Drone  
  35  3:11  Drone x4  
  41  3:13  Drone  
  41  3:20  Zerg Ground Armor Level 1  
  41  3:25  Overlord  
  41  3:26  Drone  
  42  3:30  Extractor  
  41  3:45  Zergling x8  
  45  4:03  Zergling x12  
  51  4:14  Unknown  
  51  4:18  Overlord  
  51  4:21  Hatchery  
  50  4:26  Overlord  
  50  4:31  Zergling x2  
  50  4:37  Zergling x2  
  50  4:38  Zergling x10  
  57  4:56  Overlord  
  57  5:04  Roach x3  
  57  5:05  Roach x2  
  67  5:13  Roach x2  
  67  5:18  Roach x2  
  67  5:24  Ravager  
  67  5:25  Ravager x4  
  67  5:26  Zergling x6  
  75  5:29  Overlord  
  75  5:30  Hatchery  
  75  5:33  Overlord  
  75  5:34  Zergling x8  
  75  5:35  Unknown  
  76  5:40  Zergling x2  
  77  5:44  Ravager  
  77  5:48  Zergling x4  
  75  5:57  Zergling x2  
  75  5:58  Zergling x10  
  75  6:04  Queen  
  75  6:06  Zergling x2  
  75  6:07  Zergling x8  
  75  6:08  Ravager x2  
  66  6:25  Drone  
  66  6:26  Zergling x6  
  62  6:34  Roach  
  62  6:35  Roach x5  
  62  6:39  Roach  
  63  6:42  Extractor  
  63  6:43  Zergling x8  
  66  6:47  Roach  
  66  6:49  Zergling x2  
  69  6:58  Roach  
  69  6:59  Roach  
  67  7:05  Roach x2  
  67  7:06  Zergling x2  
  67  7:14  Zergling x18  
  74  7:19  Unknown x2  
  74  7:21  Zergling x8  
  76  7:25  Ravager  
  76  7:29  Ravager  
  78  7:31  Zergling x8  
  78  7:35  Zergling x6  
  85  7:42  Ravager  
  85  7:55  Zergling x22  
  96  8:01  Overlord  
  96  8:02  Overlord  
  96  8:12  Overlord  
  96  8:13  Overlord  
  96  8:20  Overlord  
  96  8:25  Overlord  
  96  8:38  Ravager x5  
  102  8:41  Zergling x6  
  96  8:55  Unknown  
Show
View Real Time Build Order
Export as new Build Order

Scarlett Zerg - Winner!

Build Orders: Pool First 

Get SALT Encoding   

  12  0:00  Drone  
  13  0:12  Overlord  
  13  0:17  Drone  
  14  0:30  Drone x2  
  14  0:34  Drone  
  17  0:45  Spawning Pool  
  17  0:47  Drone  
  17  1:07  Hatchery  
  17  1:10  Extractor  
  16  1:11  Drone  
  16  1:15  Drone  
  17  1:19  Drone  
  18  1:32  Queen  
  20  1:33  Zergling x2  
  20  1:38  Overlord  
  21  1:49  Drone  
  22  2:02  Drone  
  22  2:07  Queen  
  25  2:12  Drone  
  26  2:18  Drone  
  27  2:28  Drone  
  27  2:29  Drone  
  29  2:31  Queen  
  29  2:33  Drone  
  32  2:39  Drone x2  
  32  2:41  Drone x2  
  32  2:44  Lair  
  36  2:46  Overlord  
  36  2:56  Roach Warren  
  35  2:58  Drone  
  35  3:00  Evolution Chamber  
  35  3:04  Drone x2  
  37  3:08  Drone  
  38  3:16  Drone x4  
  38  3:19  Overlord  
  42  3:23  Extractor x2  
  42  3:25  Overlord  
  40  3:29  Zerg Missile Weapons Level 1  
  40  3:31  Drone  
  41  3:39  Drone x4  
  45  3:43  Glial Reconstitution  
  45  3:47  Drone x2  
  47  3:49  Overseer  
  47  3:53  Drone x2  
  49  4:05  Drone x3  
  49  4:09  Drone  
  53  4:12  Hatchery  
  53  4:16  Roach  
  54  4:17  Overlord  
  54  4:22  Roach x2  
  57  4:27  Overlord  
  57  4:29  Roach  
  57  4:30  Extractor  
  58  4:38  Roach x3  
  64  4:39  Evolution Chamber  
  64  4:43  Roach x2  
  67  4:51  Roach  
  71  4:53  Roach x3  
  75  5:02  Overlord  
  75  5:07  Overlord  
  75  5:15  Ravager  
  75  5:16  Roach  
  75  5:17  Overlord x2  
  76  5:21  Zerg Ground Armor Level 1  
  76  5:26  Roach x4  
  84  5:31  Zerg Missile Weapons Level 2  
  84  5:45  Drone  
  81  6:02  Roach  
  81  6:03  Roach x8  
  82  6:06  Roach  
  82  6:09  Roach x2  
  82  6:10  Roach  
  86  6:12  Ravager, Queen  
  87  6:24  Roach  
  87  6:25  Roach  
  79  6:34  Roach x2  
  79  6:39  Roach x7  
  93  6:44  Ravager  
  93  6:45  Ravager  
  93  6:47  Roach  
  97  6:50  Roach  
  99  6:57  Ravager  
  99  6:59  Roach  
  89  7:11  Roach x5  
  89  7:13  Ravager  
  96  7:17  Roach x3  
  102  7:25  Roach  
  102  7:26  Roach  
  102  7:28  Hatchery  
  105  7:36  Roach  
  107  7:38  Overlord x2  
  107  7:55  Overlord x2  
  109  7:58  Roach x3  
  109  7:59  Roach  
  109  8:03  Roach x2  
  119  8:10  Roach x2  
  123  8:15  Roach x2  
  127  8:21  Roach x2  
  127  8:23  Roach  
  127  8:24  Ravager  
  134  8:31  Roach x2  
  138  8:47  Ravager x2  
Tags
 
Add a new tag
Caveats
  • Supply blocks, unpowered buildings, or Contaminate may cause inaccurate times.
  • Supply counts are checked every 10 seconds.